Map: Pylon LE

Players

ManlyManMeat

  • Race: Zerg Zerg
  • League: Master
  • Spawn Location: 11:00

Artaron - Winner!

  • Race: Zerg Zerg
  • League: Master
  • Spawn Location: 5:00

VOD

Have the link to the VOD?

Description

Time

  • Played on: June 18, 2025, 10:29 a.m.
  • Length: 10:24
Show
View Real Time Build Order
Export as new Build Order

ManlyManMeat Zerg 

Build Orders: Hatch First 

Get SALT Encoding   

  12  0:00  Drone  
  13  0:12  Overlord  
  13  0:16  Drone  
  14  0:30  Drone  
  14  0:32  Drone  
  16  0:45  Drone  
  17  0:50  Hatchery  
  17  0:56  Drone  
  17  1:04  Drone  
  18  1:13  Spawning Pool  
  18  1:14  Extractor  
  18  1:18  Drone  
  17  1:26  Drone  
  18  1:45  Drone  
  19  1:48  Drone  
  20  2:02  Queen  
  20  2:04  Queen  
  20  2:06  Zergling x4  
  26  2:09  Drone  
  26  2:15  Drone  
  28  2:22  Overlord  
  28  2:25  Metabolic Boost  
  28  2:32  Overlord  
  28  2:48  Hatchery  
  28  2:51  Drone x2  
  29  2:59  Drone x3  
  32  3:08  Drone x3  
  35  3:15  Baneling Nest  
  35  3:16  Drone  
  35  3:18  Drone  
  36  3:20  Drone  
  36  3:25  Drone x2  
  39  3:37  Lair, Evolution Chamber  
  39  3:38  Evolution Chamber  
  39  3:40  Drone  
  38  3:50  Queen  
  38  3:52  Overlord  
  40  4:02  Drone  
  41  4:06  Zerg Melee Weapons Level 1  
  41  4:09  Drone x3, Extractor  
  44  4:10  Drone  
  44  4:13  Overlord  
  44  4:15  Drone x3  
  47  4:18  Zergling x4  
  49  4:25  Zergling x8  
  53  4:35  Drone x3  
  53  4:38  Centrifugal Hooks  
  56  4:39  Extractor  
  56  4:42  Queen  
  57  4:46  Baneling x2  
  57  4:47  Drone, Zergling x2  
  57  4:48  Zergling x2  
  60  5:06  Zergling x10  
  65  5:07  Overlord x2  
  65  5:12  Zerg Ground Armor Level 1  
  65  5:17  Baneling  
  65  5:18  Zergling x2  
  66  5:26  Zergling x6  
  66  5:27  Zergling x10  
  73  5:29  Drone  
  74  5:45  Overlord x2  
  74  5:46  Overlord  
  74  5:47  Overlord  
  74  5:57  Baneling x3  
  74  5:58  Baneling x6  
  74  6:04  Extractor  
  74  6:05  Drone x3, Extractor x2  
  74  6:06  Drone x3  
  74  6:07  Drone x3  
  80  6:11  Zergling x2  
  80  6:12  Zergling x10  
  80  6:14  Baneling x3  
  86  6:26  Drone  
  86  6:27  Drone x2  
  86  6:32  Zergling x4  
  91  6:43  Zergling x20  
  86  7:01  Spore Crawler x2  
  86  7:02  Spore Crawler  
  76  7:09  Hydralisk Den  
  76  7:10  Zergling x2  
  76  7:11  Zergling x30  
  72  7:37  Queen  
  72  7:38  Queen  
  72  7:39  Queen  
  72  7:41  Grooved Spines  
  72  7:42  Hydralisk x6  
  74  8:05  Hydralisk x7  
  79  8:27  Spore Crawler  
  77  8:42  Spore Crawler  
  77  8:43  Hydralisk x5  
  77  8:44  Spore Crawler  
  77  8:45  Spore Crawler  
  82  9:04  Zergling x8  
  82  9:05  Zergling x10  
  87  9:37  Zergling x20  
  88  9:56  Drone x5  
  85  10:02  Drone x2  
Show
View Real Time Build Order
Export as new Build Order

Artaron Zerg - Winner!

Build Orders: Hatch First 

Get SALT Encoding   

  12  0:00  Drone  
  13  0:08  Drone  
  14  0:15  Drone, Extractor  
  15  0:22  Overlord  
  15  0:45  Hatchery  
  15  0:46  Drone  
  15  0:50  Drone  
  16  1:06  Spawning Pool  
  16  1:09  Drone  
  16  1:13  Drone  
  16  1:17  Drone  
  18  1:20  Drone  
  19  1:33  Drone  
  19  1:38  Extractor  
  19  1:53  Zergling x4  
  21  1:56  Queen  
  21  1:57  Queen  
  21  1:59  Drone  
  26  2:04  Drone  
  28  2:08  Drone  
  28  2:19  Overlord  
  28  2:20  Overlord  
  28  2:25  Overlord  
  28  2:36  Queen  
  28  2:40  Drone x2  
  32  2:49  Evolution Chamber  
  31  2:51  Evolution Chamber  
  31  2:54  Drone  
  31  2:57  Drone, Spine Crawler, Evolution Chamber  
  30  3:03  Drone  
  30  3:04  Extractor  
  30  3:05  Extractor  
  29  3:15  Drone x4  
  33  3:25  Drone  
  33  3:26  Drone x3, Extractor  
  36  3:33  Drone  
  37  3:37  Drone  
  37  3:40  Drone x3  
  41  3:43  Drone  
  42  3:52  Drone  
  42  3:53  Drone x2  
  46  3:55  Drone  
  46  4:03  Drone x2  
  46  4:07  Lair  
  48  4:16  Drone x2  
  50  4:30  Drone  
  50  4:31  Drone, Roach Warren  
  52  4:32  Drone  
  52  4:33  Overlord x3  
  52  4:42  Overlord x2  
  52  4:52  Overlord  
  52  5:05  Spine Crawler  
  52  5:06  Spine Crawler  
  50  5:11  Spire  
  49  5:19  Overlord x3  
  49  5:22  Roach x4  
  55  5:34  Zerg Missile Weapons Level 1  
  55  5:40  Overseer  
  55  5:51  Overlord  
  55  5:52  Overlord  
  55  6:12  Hatchery  
  55  6:13  Hatchery, Roach  
  55  6:14  Roach x2  
  59  6:22  Mutalisk x4  
  59  6:23  Mutalisk x2  
  71  6:29  Roach  
  74  6:32  Drone  
  74  6:33  Drone x2  
  74  6:38  Mutalisk x2  
  80  6:42  Glial Reconstitution  
  80  6:50  Mutalisk x2  
  82  6:59  Mutalisk x2  
  78  7:07  Mutalisk  
  77  7:16  Mutalisk  
  77  7:26  Roach  
  77  7:27  Roach x3  
  82  7:49  Roach x4  
  87  8:06  Roach x6  
  97  8:27  Roach  
  97  8:28  Roach x4  
  107  8:38  Roach x3  
  113  8:48  Roach x2  
  109  9:04  Roach  
  109  9:05  Roach  
  111  9:17  Roach  
  111  9:18  Roach x3  
  119  9:25  Roach  
  119  9:31  Roach x2  
  117  9:51  Roach  
  117  9:52  Roach x3  
  121  9:53  Drone  
  122  10:01  Roach x2  
Tags
 
Matchup
ZvZ
Race
Zerg
Replay Pack
Myownreplay2
Spawn Locations
Cross Positions
Add a new tag
Caveats
  • Supply blocks, unpowered buildings, or Contaminate may cause inaccurate times.
  • Supply counts are checked every 10 seconds.